 Dungeon Crawl Stone Soup version 0.31-a0-801-gc67433417a (webtiles) character file.

Game seed: 2139534864852575545

212 Ivernyr the Slasher (level 5, 0/28 HPs)
             Began as a Vine Stalker Gladiator on Sept 20, 2023.
             Was an Initiate of Wu Jian.
             Slain by an ice beast (5 damage)
             ... on level 4 of the Dungeon.
             The game lasted 00:03:48 (2634 turns).

Ivernyr the Slasher (Vine Stalker Gladiator)        Turns: 2634, Time: 00:03:49

Health: 0/28       AC:  4    Str: 17    XL:     5   Next: 89%
Magic:  0/6        EV: 13    Int:  8    God:    Wu Jian [......]
Gold:   192        SH:  0    Dex: 17    Spells: 4/4 levels left

rFire   . . .        a - +0 long sword
rCold   . . .        (no shield)
rNeg    . . .        b - +0 leather armour
rPois   .            c - +0 helmet
rElec   .            (no cloak)
rCorr   .            (no gloves)
SInv    .            (no boots)
Will    .....        (no amulet)
Stlth   +            (no ring)
HPRegen 1.04/turn    (no ring)
MPRegen 0.10/turn

%: guardian spirit
@: no status effects
A: fangs 2, regeneration 1, magic shield, antimagic bite, no potion heal 2
a: Renounce Religion


You were on level 4 of the Dungeon.
You worshipped Wu Jian.
Wu Jian was noncommittal.
You visited 1 branch of the dungeon, and saw 4 of its levels.

You collected 192 gold pieces.

Inventory:

Hand Weapons
 a - a +0 long sword (weapon)
Missiles
 d - 3 throwing nets (quivered)
 e - a javelin
 i - 6 silver javelins
Armour
 b - a +0 leather armour (worn)
 c - a +0 helmet (worn)
Wands
 p - a wand of polymorph (8)
 q - a wand of iceblast (13)
Scrolls
 f - a scroll of fear {unknown}
 g - 3 scrolls of identify {unknown}
 h - 2 scrolls of brand weapon {unknown}
 j - a scroll of blinking {unknown}
 k - 2 scrolls of immolation {unknown}
 n - 2 scrolls of vulnerability {unknown}
 o - a scroll of torment {unknown}
 r - 3 scrolls of teleportation {unknown}
Potions
 l - a potion of degeneration {unknown}
 m - 2 potions of curing {unknown}


   Skills:
 + Level 2.8 Fighting
 * Level 4.2 Long Blades
 - Level 1.7 Throwing
 + Level 1.7 Armour
 + Level 3.1 Dodging


You had 4 spell levels left.
You didn't know any spells.
Your spell library contained the following spells:

 Spells                   Type           Power      Damage    Failure   Level
 Kiss of Death            Conj/Necr      0%         2d5       45%         1
 Confusing Touch          Hex            0%         N/A       83%         3
 Dispel Undead            Necr           0%         3d6       99%         4


Dungeon Overview and Level Annotations

Branches:
Dungeon (4/15)
 Temple: D:4-7

Altars:
Elyvilon
Fedhas
Trog
Uskayaw
Wu Jian
Zin

Shops:
D:1 *


Innate Abilities, Weirdness & Mutations

You have extremely sharp teeth.
Your natural rate of healing is unusually fast.
When hurt, damage is shared between your health and your magic reserves.
Your bite disrupts and absorbs the magic of your enemies.
Potions cannot restore your health.


Message History

The ice beast closely misses you. The ice beast completely misses you.
You hit the ice beast.
The ice beast is moderately wounded.
The ice beast hits you. The ice beast freezes you!
You hit the ice beast.
The ice beast is heavily wounded.
The ice beast hits you. The ice beast freezes you!
* * * LOW HITPOINT WARNING * * *
You hit the ice beast but do no damage. You bite the ice beast.
You drain its power.
You feel invigorated.
The ice beast is heavily wounded.
The ice beast misses you.
You hit the ice beast.
The ice beast is severely wounded.
The ice beast barely misses you.
The ice beast attacks as it pursues you!
The ice beast hits you. The ice beast freezes you!
* * * LOW HITPOINT WARNING * * *
The ice beast attacks as it pursues you!
The ice beast barely misses you.
The ice beast attacks as it pursues you!
The ice beast hits you. The ice beast freezes you!
* * * LOW HITPOINT WARNING * * *
The ice beast attacks as it pursues you!
The ice beast misses you.
The ice beast attacks as it pursues you!
The ice beast closely misses you.
The ice beast attacks as it pursues you!
The ice beast barely misses you.
The ice beast attacks as it pursues you!
The ice beast hits you. The ice beast freezes you!
* * * LOW HITPOINT WARNING * * *
The ice beast attacks as it pursues you!
The ice beast misses you.
The ice beast attacks as it pursues you!
The ice beast hits you.
* * * LOW HITPOINT WARNING * * *
The ice beast freezes you.
You die...

#.# ##...## # #####.#
###.###.##.# ...#.# #...
#....# ########.#.####
#.#.###.####
##.............###.##...##
###.....###..............##
..............##.###.#####
#.#.....########Y# #.#
#.##...## #@# #.# #.....##
#.# #.# ####### #.# #.# #.#
#.# #.###.# #.....# #######


You could see an ice beast.

Vanquished Creatures
  A phantom (D:4)
  Ijyb (D:3)
  6 adders
  A worm (D:3)
  A dart slug (D:3)
  An orc (D:3)
  7 endoplasms
  3 giant cockroaches
  3 goblins
  6 hobgoblins
  2 jackals (D:1)
  3 kobolds
  A quokka (D:1)
  5 ball pythons
  5 bats
  A frilled lizard (D:3)
47 creatures vanquished.

Notes
Turn   | Place    | Note
-------+----------+-------------------------------------------
     0 | D:1      | Ivernyr the Vine Stalker Gladiator began the quest for the
                  | Orb.
     0 | D:1      | Reached XP level 1. HP: 11/11 MP: 2/2
    69 | D:1      | Reached XP level 2. HP: 15/15 MP: 3/3
   168 | D:1      | Reached skill level 3 in Long Blades
   322 | D:1      | Found Vineisof's Assorted Antiques.
   350 | D:1      | Reached XP level 3. HP: 18/18 MP: 4/4
  1174 | D:2      | Reached skill level 1 in Armour
  1517 | D:3      | Reached XP level 4. HP: 23/23 MP: 5/5
  1581 | D:3      | Noticed Ijyb
  1607 | D:3      | Killed Ijyb
  1936 | D:3      | Reached XP level 5. HP: 23/27 MP: 4/6
  2063 | D:3      | Found a bloodstained altar of Trog.
  2063 | D:3      | Found a blossoming altar of Fedhas.
  2063 | D:3      | Found an ornate altar of the Wu Jian Council.
  2063 | D:3      | Found a glowing silver altar of Zin.
  2070 | D:3      | Found a hide-covered altar of Uskayaw.
  2070 | D:3      | Found a white marble altar of Elyvilon.
  2080 | D:3      | Became a worshipper of the Wu Jian Council
  2488 | D:4      | Noticed a phantom
  2514 | D:4      | Killed a phantom
  2515 | D:4      | Reached skill level 4 in Long Blades
  2583 | D:4      | Noticed an ice beast
  2634 | D:4      | Slain by an ice beast

Illustrated notes

Levels and vault maps discovered:
D:1:      dpeg_arrival_tiny_d, layout_basic, serial_shops, shop
D:2:      layout_basic
D:3:      layout_basic, minmay_overflow_temple_hex, kennysheep_cross_room,
          uniq_ijyb
D:4:      layout_loops_ring, uniq_blork_the_orc, uniq_natasha, uniq_menkaure,
          uniq_pikel

Skill      XL: |  1  2  3  4  5 |
---------------+----------------+-----
Long Blades    | 3 4 |  4.2
Fighting       | 2 |  2.8
Armour         | 1 |  1.7
Dodging        | 3 |  3.1
Throwing       | |  1.7

Action                     |  1- 3 |  4- 6 || total
---------------------------+-------+-------++-------
  Melee: Long sword        |    88 |    97 ||   185
         Bite              |    14 |    33 ||    47
         Punch             |       |     1 ||     1
Ability: Lunge             |       |     1 ||     1
   Stab: Sleeping          |     4 |     1 ||     5
 Armour: Leather armour    |    51 |    75 ||   126
  Dodge: Dodged            |    76 |    76 ||   152

Table legend: (Time is in decaauts)
 A = Elapsed time spent in this place.
 B = Non-inter-level travel time spent in this place.
 C = Inter-level travel time spent in this place.
 D = Time resting spent in this place.
 E = Time spent auto-exploring this place.
 F = Levels seen in this place.
 G = Mean time per level.
                   A        B        C        D        E       F      G
               +--------+--------+--------+--------+--------+-----+--------+
         Total |   2676 |   2589 |     87 |      0 |   2097 |   4 |  669.0 |
       Dungeon |   2676 |   2589 |     87 |      0 |   2097 |   4 |  669.0 |
               +--------+--------+--------+--------+--------+-----+--------+

Top non-repeatable levels by time:
     D:3: 1007 daAuts
     D:2: 872 daAuts
     D:1: 600 daAuts
     D:4: 195 daAuts
